 Seeded DCSS version 0.30-a0-918-g0ff054e9dc (webtiles) character file.

Game seed: 3425090202442293766 (custom seed)

3449 hikkokomori the Covert (level 10, -22/81 HPs)
             Began as a Barachi Hunter on Mar 20, 2023.
             Was a Priest of Okawaru.
             Engulfed by a cloud of flame (23 damage)
             ... on level 7 of the Dungeon.
             The game lasted 00:15:48 (6081 turns).

hikkokomori the Covert (Barachi Hunter)             Turns: 6081, Time: 00:15:49

Health: -22/81     AC:  6    Str: 12    XL:     10   Next: 6%
Magic:  0/12       EV: 26    Int: 11    God:    Okawaru [***...]
Gold:   790        SH:  0    Dex: 19    Spells: 7/9 levels left

rFire   . . .      SeeInvis +    m - +0 longbow
rCold   . . .      Faith    .    (shield currently unavailable)
rNeg    . . .      Spirit   +    c - +0 leather armour
rPois   .          Reflect  .    (no helmet)
rElec   .          Rampage  .    (no cloak)
rCorr   .                        t - +0 pair of gloves
Will    .....                    s - +0 pair of boots
Stlth   ++++++                   l - amulet of guardian spirit
HPRegen 0.33/turn                e - ring of see invisible
MPRegen 0.13/turn                n - ring of the Hare {EV+10}

@: heroic, studying 2 skills, slow
A: amphibious, slowness 1, strong legs 1, +LOS
a: Hop, Renounce Religion, Heroism


You were on level 7 of the Dungeon.
You worshipped Okawaru.
Okawaru was most pleased with you.
You visited 1 branch of the dungeon, and saw 7 of its levels.

You collected 1414 gold pieces.
You spent 624 gold pieces at shops.

Inventory:

Hand Weapons
 m - a +0 longbow (weapon)
Missiles
 d - 2 throwing nets
 M - 3 curare-tipped darts
Armour
 c - a +0 leather armour (worn)
 s - a +0 pair of boots (worn)
 t - a +0 pair of gloves (worn)
Jewellery
 e - a ring of see invisible (left hand)
 l - an amulet of guardian spirit (around neck)
 n - the ring of the Hare (right hand) {EV+10}
   (You acquired it on level 1 of the Dungeon)

   [ring of evasion]

   EV:        It affects your evasion (+10).
 r - an amulet of the acrobat
 D - the ring "Tadgh" {Ice rElec rN+ Will++ Str-4}
   (You acquired it on level 3 of the Dungeon)

   [ring of ice]

   It enhances your ice magic.
   Str:       It affects your strength (-4).
   rF:        It makes you vulnerable to fire.
   rC:        It protects you from cold.
   rElec:     It insulates you from electricity.
   rN:        It protects you from negative energy.
   Will:      It greatly increases your willpower.
 F - a ring of magical power
 L - a ring of ice
Wands
 f - a wand of flame (12)
Scrolls
 g - a scroll of blinking {unknown}
 i - 2 scrolls of enchant armour {unknown}
 o - 5 scrolls of magic mapping
 u - 2 scrolls of fear
 v - 3 scrolls of silence {unknown}
 y - 3 scrolls of fog {unknown}
 C - 7 scrolls of teleportation
 E - a scroll of enchant weapon {unknown}
 H - a scroll of vulnerability {unknown}
 I - a scroll of poison {unknown}
 K - a scroll of amnesia {unknown}
Potions
 a - a potion of heal wounds {unknown}
 h - 3 potions of mutation {unknown}
 j - 2 potions of resistance {unknown}
 k - a potion of degeneration {unknown}
 p - 3 potions of curing
 q - 2 potions of brilliance
 w - 2 potions of might
 x - a potion of flight {unknown}
 z - a potion of haste {unknown}
 A - a potion of attraction {unknown}
 B - 2 potions of ambrosia
 G - 2 potions of lignification {unknown}
 J - 2 potions of magic {unknown}
 N - a potion of invisibility {unknown}


   Skills:
 + Level 8.3(13.3) Fighting
 + Level 9.2(14.2) Ranged Weapons
 - Level 2.1(7.1) Dodging
 + Level 9.3(14.3) Stealth
 + Level 4.4 Transmutations
 + Level 3.6 Invocations
 - Level 1.7 Evocations


You had 7 spell levels left.
You knew the following spells:

 Your Spells              Type           Power      Damage    Failure   Level
a - Wereblood             Tmut           9%         N/A       12%         2

Your spell library contained the following spells:

 Spells                   Type           Power      Damage    Failure   Level
 Blink                    Tloc           0%         N/A       56%         2
 Static Discharge         Conj/Air       0%         2-2/arc   56%         2
 Sublimation of Blood     Necr           0%         N/A       56%         2
 Vhi's Electric Charge    Tloc/Air       0%         N/A       80%         3
 Manifold Assault         Tloc           0%         N/A       99%         4
 Arcjolt                  Conj/Air       0%         1d10      100%        5
 Plasma Beam              Fire/Air       0%         2x1d11    100%        5
 Storm Form               Tmut/Air       2%         N/A       100%        7
 Summon Hydra             Summ           Unusable   N/A       N/A         7

Dungeon Overview and Level Annotations

Branches:
Dungeon (7/15)             Temple (0/1) D:5

Altars:
Elyvilon
Okawaru
Trog
Wu Jian
Yredelemnul
Zin
The Shining One

Shops:
D:2 ?(   D:6 *=

Annotations:
D:6 3 runed translucent doors, LobsterGuardian's ghost, novice MfSu


Innate Abilities, Weirdness & Mutations

You are amphibious.
You cover ground slowly.
You can hop short distances.
You have an extended range of vision and can be seen from far away.


Message History

Okay, then.
Okay, then.
Okay, then.
Unknown command.
Search for what [Enter for "heelm", or ? for help]? immo Unknown command.
Unknown command.
You remove the ring "Tadgh" {Ice rElec rN+ Will++ Str-4}.
The yak completely misses you.
e - a ring of see invisible (left hand) Really read the scroll of immolation?
As you read the scroll of immolation, it crumbles to dust.
The creatures around you are filled with an inner flame!
The yak completely misses you.
Unknown command.
Fire: m) +0 longbow
Press: ? - help, Shift-Dir - straight line, f/p - yak
Aim: a yak (almost dead, inner flame, 79% to hit)
You shoot an arrow. The arrow hits the yak!!
Okawaru accepts your kill.
The yak explodes!
The fiery explosion engulfs the yak!!
Flame seeps out of the yak.
The yak is severely wounded.
The fiery explosion engulfs you!
* * * LOW HITPOINT WARNING * * *
You hear a bellow!
The yak is engulfed in blazing flames.
Flame seeps out of the yak.
Unknown command.
Unknown command.
Unknown command.
Fire: m) +0 longbow
Press: ? - help, Shift-Dir - straight line, f - hound
Aim: a hound (inner flame, 64% to hit)
You shoot an arrow. The arrow hits the yak!!
Okawaru accepts your kill.
The yak explodes!
The fiery explosion engulfs you!!
* * * LOW HITPOINT WARNING * * *
You are engulfed in blazing flames.
You die...

##.†.....##....####
#.###.#####....#
#.# #.##.# #.#
#.##.# #.## #.##.#
##.# #.##.### #[.#
#.##.... ######.#
#.###### ##@.##.##
#.# # #§##..##
#.###### #§#####
#......'


hh# ##.###### #hp# #.......# #hYh ####.#### #.p. #)# # #... #.# # ....p #.# #
You could see a yak (inner flame), 2 humans, 3 hounds and a jackal (inner
flame).

Vanquished Creatures
  Grinder (D:4)
  Sigmund (D:3)
  4 yaks (D:7)
  4 humans (D:7)
  A sky beast (D:7)
  2 ice beasts
  2 black bears (D:5)
  3 ogres
  3 centaurs
  A gnoll sergeant (D:6)
  3 scorpions (D:6)
  A bullfrog (D:6)
  3 howler monkeys (D:7)
  A crimson imp (D:4)
  4 orc priests
  6 hounds
  A jelly (D:6)
  2 iguanas (D:6)
  Terence (D:3)
  2 sleepcaps (D:6)
  An orc wizard (D:4)
  6 adders
  3 gnolls (D:6)
  A shadow imp (D:5)
  A worm (D:2)
  14 dart slugs
  18 orcs
  8 ball pythons
  7 bats
  5 endoplasms
  3 giant cockroaches
  7 goblins
  7 hobgoblins
  4 kobolds
  A quokka (D:2)
  4 frilled lizards
  A goblin skeleton (D:4)
  A goblin zombie (D:4)
  A hobgoblin zombie (D:4)
  A kobold skeleton (D:4)
  2 kobold zombies (D:4)
  An orc skeleton (D:4)
  13 rats
156 creatures vanquished.

Notes
Turn   | Place    | Note
-------+----------+-------------------------------------------
     0 | D:1      | hikkokomori the Barachi Hunter began the quest for the Orb.
     0 | D:1      | Reached XP level 1. HP: 17/17 MP: 1/1
    48 | D:1      | Reached skill level 1 in Stealth
   127 | D:1      | Reached XP level 2. HP: 23/23 MP: 2/2
   475 | D:1      | Found a faded altar of an unknown god.
   551 | D:1      | Reached XP level 3. HP: 29/29 MP: 3/3
   569 | D:1      | Identified 2 scrolls of acquirement
   569 | D:1      | Acquired the ring of the Hare {EV+10}
   569 | D:1      | Found the ring of the Hare {EV+10}
   571 | D:1      | Acquired a manual of Stealth
   770 | D:2      | Found Nareh's Weapon Boutique.
   799 | D:2      | Reached XP level 4. HP: 35/35 MP: 4/4
  1306 | D:2      | Found Lipoy's Magic Scroll Boutique.
  1605 | D:3      | Reached skill level 5 in Ranged Weapons
  1606 | D:3      | Reached XP level 5. HP: 23/42 MP: 5/5
  1826 | D:3      | Noticed Terence
  1844 | D:3      | Killed Terence
  1942 | D:3      | Noticed Sigmund
  1961 | D:3      | Killed Sigmund
  1962 | D:3      | Reached XP level 6. HP: 37/49 MP: 4/6
  2443 | D:4      | Noticed Grinder
  2533 | D:4      | Paralysed by Grinder for 2 turns
  2540 | D:4      | Killed Grinder
  2541 | D:4      | Reached skill level 5 in Fighting
  2541 | D:4      | Reached skill level 5 in Stealth
  2541 | D:4      | Reached XP level 7. HP: 24/56 MP: 2/7
  2558 | D:3      | Acquired 926 gold pieces
  2560 | D:3      | Acquired the ring "Tadgh" {Ice rElec rN+ Will++ Str-4}
  2710 | D:4      | Found a glowing golden altar of the Shining One.
  2934 | D:4      | Found a white marble altar of Elyvilon.
  2934 | D:4      | Found a basalt altar of Yredelemnul.
  2935 | D:4      | Found an ornate altar of the Wu Jian Council.
  3270 | D:4      | You fall into a shaft and drop 2 floors!
  3271 | D:6      | Found Xyeg's General Store.
  3276 | D:6      | Bought 2 scrolls of teleportation for 78 gold pieces
  3276 | D:6      | Bought a scroll of fear for 52 gold pieces
  3276 | D:6      | Bought a book of Lightning for 494 gold pieces
  3282 | D:6      | Found Kausagei's Jewellery Shop.
  3369 | D:6      | Found a bloodstained altar of Trog.
  3409 | D:6      | Reached XP level 8. HP: 56/64 MP: 5/8
  3475 | D:5      | Entered Level 5 of the Dungeon
  3550 | D:5      | Identified the +2 robe of a Hundred Friends {rElec Str+4
                  | Int-5 Slay+3}
  3746 | D:5      | Found an iron altar of Okawaru.
  3778 | D:5      | Became a worshipper of Warmaster Okawaru
  3823 | D:5      | Found a staircase to the Ecumenical Temple.
  3850 | D:5      | Reached skill level 1 in Evocations
  4216 | D:4      | Reached * piety under Okawaru
  4224 | D:4      | Learned a level 2 spell: Wereblood
  4661 | D:6      | Found a runed translucent gate.
  4904 | D:6      | Found a runed translucent gate.
  4905 | D:6      | Noticed LobsterGuardian's ghost (novice MfSu)
  4908 | D:6      | Reached skill level 1 in Transmutations
  4915 | D:6      | Reached skill level 1 in Invocations
  4970 | D:6      | Reached XP level 9. HP: 61/71 MP: 5/9
  5133 | D:6      | Found a runed translucent gate.
  5168 | D:6      | Found a glowing silver altar of Zin.
  5714 | D:7      | Reached ** piety under Okawaru
  6067 | D:7      | Reached *** piety under Okawaru
  6068 | D:7      | Reached XP level 10. HP: 48/80 MP: 9/12
  6081 | D:7      | HP: 1/81 [spore (22)]
  6081 | D:7      | Engulfed by a cloud of flame

Illustrated notes

Levels and vault maps discovered:
D:1:      minmay_arrival_loop, layout_basic, ebering_ecumenical_altar_webs,
          moated_statue, minmay_tetromino_s2
D:2:      minmay_angry_zag, layout_basic, serial_shops,
          nicolae_shop_behind_doors, nicolae_shop_bloodbath_and_beyond,
          minmay_cut_off
D:3:      kennysheep_slugbush, layout_basic, uniq_sigmund, uniq_terence
D:4:      layout_layer_cave, gammafunk_temple_overflow_claw,
          nicolae_tso_besieged_by_evil, minivault_24, uniq_grinder
D:5:      layout_loops_ring, mainiacjoe_overflow_small_starburst,
          minmay_temple_entry_grid, minmay_misc_feat_square
D:6:      cheibrodos_iron_armory, layout_basic, bloody_trog, marbit_many_paths,
          serial_shops, shop, shop, biasface_ghost_orc_armoury,
          minmay_manual_mares
D:7:      erik_cavepeople, layout_basic

Skill      XL: |  1  2  3  4  5  6  7  8  9 |
---------------+----------------------------+-----
Stealth        | 1 2 3 4 5 6 7 9 |  9.3
Fighting       | 3 4 5 6 8 |  8.3
Ranged Weapons | 5 6 7 8 9 |  9.2
Evocations     | 1 |  1.7
Transmutations | 1 4 |  4.4
Invocations    | 1 3 |  3.6
Dodging        | |  2.1

Action                     |  1- 3 |  4- 6 |  7- 9 | 10-12 || total
---------------------------+-------+-------+-------+-------++-------
   Fire: Shortbow          |    49 |       |       |       ||    49
         Longbow           |    19 |   130 |   291 |    10 ||   450
  Throw: Throwing net      |       |     2 |       |       ||     2
 Invoke: Heroism           |       |       |       |     1 ||     1
Ability: Hop               |       |       |     3 |       ||     3
    Use: Scroll            |     3 |     1 |     7 |     1 ||    12
         Potion            |       |     1 |       |       ||     1
 Armour: Leather armour    |    11 |    13 |    23 |       ||    47
  Dodge: Dodged            |    14 |    80 |   154 |     6 ||   254

Table legend: (Time is in decaauts)
 A = Elapsed time spent in this place.
 B = Non-inter-level travel time spent in this place.
 C = Inter-level travel time spent in this place.
 D = Time resting spent in this place.
 E = Time spent auto-exploring this place.
 F = Levels seen in this place.
 G = Mean time per level.
                   A        B        C        D        E       F      G
               +--------+--------+--------+--------+--------+-----+--------+
         Total |   7200 |   6843 |    357 |      0 |   5590 |   7 | 1028.6 |
       Dungeon |   7200 |   6843 |    357 |      0 |   5590 |   7 | 1028.6 |
               +--------+--------+--------+--------+--------+-----+--------+

Top non-repeatable levels by time:
     D:4: 1398 daAuts
     D:6: 1299 daAuts
     D:2: 1197 daAuts
     D:3: 1179 daAuts
     D:5: 831 daAuts
     D:1: 697 daAuts
     D:7: 597 daAuts
